 Dungeon Crawl Stone Soup version 0.27-a0-1431-gcffa5a9b16 (webtiles) character file.

Game seed: 10513242175506862572

1299 mandarbmax the Cruncher (level 8, -12/58 HPs)
             Began as a Formicid Fighter on July 3, 2021.
             Was a Follower of Uskayaw.
             Mangled by a boulder beetle (52 damage)
             ... on level 6 of the Dungeon.
             The game lasted 00:10:46 (4788 turns).

mandarbmax the Cruncher (Formicid Fighter)          Turns: 4788, Time: 00:10:47

Health: -12/58     AC:  9    Str: 20    XL:     8   Next: 87%
Magic:  12/12      EV:  8    Int:  9    God:    Uskayaw [*.....]
Gold:   270        SH: 10    Dex: 18    Spells: 7/7 levels left

rFire    . . .     SeeInvis +   a - +0 quarterstaff (drain)
rCold    + . .     Faith    .   c - +0 kite shield
rNeg     . . .     Spirit   .   b - +0 scale mail
rPois    .         Reflect  .   (helmet unavailable)
rElec    .         Harm     .   (no cloak)
rCorr    .         Rampage  .   m - +0 pair of gloves
Will     .....                  g - +0 pair of boots
Stlth    ..........             r - amulet of regeneration
HPRegen  1.19/turn              l - +6 ring of dexterity
MPRegen  0.13/turn              e - ring of protection from cold

@: brilliant
A: permanent stasis, dig shafts and tunnels, antennae 3, four strong arms
a: Dig, Shaft Self, Renounce Religion, Stomp


You were on level 6 of the Dungeon.
You worshipped Uskayaw.
Uskayaw was noncommittal.
You visited 1 branch of the dungeon, and saw 8 of its levels.
You also visited: Sewer.

You collected 270 gold pieces.

Inventory:

Hand Weapons
 a - a +0 quarterstaff of draining (weapon)
Missiles
 i - 7 poisoned darts
 q - 5 boomerangs (quivered)
Armour
 b - a +0 scale mail (worn)
 c - a +0 kite shield (worn)
 g - a +0 pair of boots (worn)
 m - a +0 pair of gloves (worn)
 u - the +1 leather armour "Nyr Bah" {rElec rCorr Str+2}
   (You found it on level 4 of the Dungeon)

   Str:       It affects your strength (+2).
   rElec:     It insulates you from electricity.
   rCorr:     It protects you from acid and corrosion.
Jewellery
 e - a ring of protection from cold (right hand)
 l - a +6 ring of dexterity (left hand)
 r - an amulet of regeneration (around neck)
Wands
 v - a wand of iceblast (3)
 z - a wand of mindburst (13)
 A - a wand of flame (13)
 C - a wand of digging (5)
 D - a wand of charming (9)
Scrolls
 d - a scroll of teleportation {unknown}
 k - a scroll of vulnerability {unknown}
 o - 2 scrolls of enchant weapon {unknown}
 p - a scroll of acquirement {unknown}
 w - a scroll of immolation
 x - 3 scrolls of identify {unknown}
 y - a scroll of torment {unknown}
 B - a scroll of magic mapping {unknown}
Potions
 f - 4 potions of heal wounds
 h - a potion of curing {unknown}
 j - a potion of cancellation {unknown}
 n - 2 potions of flight
 s - a potion of brilliance
 t - a potion of haste {unknown}


   Skills:
 - Level 3.2 Fighting
 * Level 9.1 Staves
 - Level 3.2 Armour
 - Level 4.0 Shields
 + Level 5.3 Invocations


You had 7 spell levels left.
You didn't know any spells.
Your spell library contained the following spells:

 Spells                   Type           Power      Damage    Failure   Level
 Frozen Ramparts          Ice            0%         1d2       100%        3
 Gell's Gravitas          Tloc           0%         N/A       100%        3
 Lesser Beckoning         Tloc           0%         N/A       100%        3
 Teleport Other           Tloc           0%         N/A       100%        3
 Ice Form                 Ice/Tmut       0%         N/A       100%        4
 Summon Ice Beast         Ice/Summ       0%         N/A       100%        4
 Fireball                 Conj/Fire      0%         3d3       100%        5
 Manifold Assault         Tloc           0%         N/A       100%        5
 Starburst                Conj/Fire      0%         8x6d3     100%        6
 Ignition                 Fire           0%         3d3       100%        8
 Blink                    Tloc           Unusable   N/A       N/A         2

Dungeon Overview and Level Annotations

Branches:
Dungeon (8/15)             Temple (0/1) D:6           Sewer (visited)
   Lair: D:8-11

Altars:
Cheibriados
Uskayaw

Shops:
D:3 =


Innate Abilities, Weirdness & Mutations

You cannot be hasted, slowed, berserked, paralysed or teleported.
You can dig through walls and to a lower floor.
You have a pair of large antennae on your head. (SInv)
Your four strong arms can wield two-handed weapons with a shield.


Message History

There is a stone staircase leading down here.
Done exploring.
(D) Dungeon (T) Temple
Where to? (Enter - D:6, ? - help)
You climb downwards.
There is a stone staircase leading up here.
There is a stone staircase leading up here.
You climb upwards.
There is a stone staircase leading down here.
You sense a monster nearby.
No target in view!
You sense a monster nearby.
You extend your mandibles.
You dig through the rock wall.
An iguana, an adder, a hound, a boulder beetle, 4 gnolls, a white imp and a wight come into view.
The iguana hisses angrily.
The white imp shouts!
The adder hisses angrily.
The gnoll shaman shouts!
The gnoll shouts! x2
You hear an angry buzzing noise.
The boulder beetle barely misses you.
A scorpion comes into view.
A hornet comes into view.
A gnoll comes into view. It is wielding a +1 halberd of flaming.
The gnoll shaman calls upon its god to speed up the gnoll.
The gnoll seems to speed up.
The gnoll shouts!
You hear a shout!
You hear an angry hiss.
Unknown command.
Unknown command.
It was a potion of brilliance.
You feel clever all of a sudden.
You hear a shout! x2
An orc comes into view. It is wielding a +0 morningstar.
The boulder beetle bites you!!
Unknown command.
Okay, then.
Okay, then.
You retract your mandibles.
The boulder beetle curls into a ball and begins rolling!
There is a stone staircase leading down here.
The boulder beetle hits you!!!
Ouch! That really hurt!
You die...

{#..g{#.#
{ #.{.{#.#
..#{{{{#.#
og{{{{.#.#
####{.#
#.°.{.#
#h#####
#B# #@#
#.# #.#
#.# #.#
#.# #..
###


You could see a boulder beetle (rolling) and a hound.

Vanquished Creatures
  Eustachio (D:4)
  2 water moccasins
  A necrophage (D:4)
  A scorpion (D:4)
  A water moccasin skeleton (D:5)
  5 wights (D:5)
  A gnoll shaman (D:4)
  A hound (D:4)
  An orc priest (D:5)
  2 bullfrog skeletons
  A centaur skeleton (D:7)
  An iguana (D:3)
  4 orc wizards
  A killer bee zombie (D:8)
  A hound zombie (D:5)
  5 gnolls (D:4)
  7 adders
  A river rat (D:3)
  2 adder skeletons
  A worm (D:3)
  11 orcs
  5 ball pythons
  2 bats
  4 endoplasms
  3 giant cockroaches
  5 goblins
  10 hobgoblins
  12 jackals
  4 kobolds
  2 quokkas
  2 frilled lizards
  9 rats
109 creatures vanquished.

Notes
Turn   | Place    | Note
-------+----------+-------------------------------------------
     0 | D:1      | mandarbmax the Formicid Fighter began the quest for the
                  | Orb.
     0 | D:1      | Reached XP level 1. HP: 18/18 MP: 1/1
   161 | D:1      | Reached XP level 2. HP: 24/24 MP: 2/2
   468 | D:2      | Found a faded altar of an unknown god.
   475 | D:2      | Reached skill level 3 in Staves
   482 | D:2      | Became a worshipper of Uskayaw the Reveller
   482 | D:2      | Reached * piety under Uskayaw
   502 | D:2      | Reached ** piety under Uskayaw
   505 | D:2      | Reached XP level 3. HP: 28/29 MP: 3/3
   788 | D:2      | Reached skill level 4 in Staves
   788 | D:2      | Reached XP level 4. HP: 24/35 MP: 4/4
  1060 | D:3      | Found Weyb's Jewellery Shoppe.
  1317 | D:3      | Reached XP level 5. HP: 20/41 MP: 5/5
  1377 | D:3      | Found a glowing drain.
  1406 | D:3      | Reached skill level 5 in Staves
  1412 | D:3      | Reached *** piety under Uskayaw
  1418 | Sewer    | Entered a sewer
  1850 | Sewer    | Noticed a water moccasin
  1862 | Sewer    | Killed a water moccasin
  1863 | Sewer    | Reached skill level 6 in Staves
  1863 | Sewer    | Reached XP level 6. HP: 15/47 MP: 6/6
  2611 | D:4      | Noticed a necrophage
  2624 | D:4      | Killed a necrophage
  2625 | D:4      | Reached skill level 1 in Invocations
  2749 | D:4      | Reached XP level 7. HP: 52/52 MP: 6/8
  2757 | D:4      | Reached **** piety under Uskayaw
  2760 | D:4      | Reached ***** piety under Uskayaw
  2767 | D:4      | Reached skill level 7 in Staves
  2767 | D:4      | Reached ****** piety under Uskayaw
  2883 | D:4      | Identified the +1 leather armour "Nyr Bah" {rElec rCorr
                  | Str+2}
  2969 | D:4      | Found a snail-covered altar of Cheibriados.
  3131 | D:4      | Noticed Eustachio
  3152 | D:4      | Killed Eustachio
  3153 | D:4      | Reached XP level 8. HP: 44/58 MP: 6/10
  3745 | D:5      | Entered Level 5 of the Dungeon
  3841 | D:5      | Reached skill level 8 in Staves
  4034 | D:5      | You fall into a shaft and drop 3 floors!
  4297 | D:5      | Reached skill level 5 in Invocations
  4410 | D:5      | Reached skill level 9 in Staves
  4516 | D:6      | Found a staircase to the Ecumenical Temple.
  4781 | D:6      | Noticed a boulder beetle
  4781 | D:6      | Noticed a hornet
  4788 | D:6      | Mangled by a boulder beetle

Illustrated notes

Levels and vault maps discovered:
D:1:      lemuel_arrival_cross, layout_rooms, supply_closet_lemuel
D:2:      layout_basic, hellmonk_ecumenical_altar_dog_temple
D:3:      layout_basic, serial_shops, shop, portal_sewer_entry_c,
          hex_intersection
D:4:      layout_layer_cave, old_standard_altar, uniq_eustachio
D:5:      layout_rooms
D:6:      minmay_klotski, layout_basic, grunt_gozag_statues,
          minmay_temple_entry_gardened_gates, kennysheep_generic_room_6
D:7:      layout_basic, amcnicky_altar_gilded, grunt_temple_overflow_cloverleaf,
          minmay_fountain_box
D:8:      layout_loops_cross

Skill      XL: |  1  2  3  4  5  6  7  8 |
---------------+-------------------------+-----
Staves         | 3 4 6 7 9 |  9.1
Shields        | 4 |  4.0
Invocations    | 1 3 5 |  5.3
Fighting       | |  3.2
Armour         | |  3.2

Action                   |  1- 3 |  4- 6 |  7- 9 || total
-------------------------+-------+-------+-------++-------
Melee: Quarterstaff      |    66 |   102 |   169 ||   337
Throw: Dart              |    15 |    32 |    33 ||    80
       Boomerang         |       |       |    10 ||    10
Invok: Stomp             |       |       |     1 ||     1
 Abil: Dig               |       |     3 |     2 ||     5
       Shaft Self        |       |       |     1 ||     1
  Use: Potion            |       |     4 |     1 ||     5
       Scroll            |       |     2 |       ||     2
 Stab: Paralysed         |       |     1 |     4 ||     5
Armor: Scale mail        |    27 |    34 |    64 ||   125
       Skin              |       |     3 |       ||     3
Dodge: Dodged            |    23 |    24 |    62 ||   109
Block: Kite shield       |    35 |    59 |    94 ||   188

Table legend: (Time is in decaauts)
 A = Elapsed time spent in this place.
 B = Non-inter-level travel time spent in this place.
 C = Inter-level travel time spent in this place.
 D = Time resting spent in this place.
 E = Time spent auto-exploring this place.
 F = Levels seen in this place.
 G = Mean time per level.
                   A        B        C        D        E       F      G
               +--------+--------+--------+--------+--------+-----+--------+
         Total |   4885 |   4692 |    193 |    822 |   2770 |   9 |  542.8 |
       Dungeon |   4108 |   3915 |    193 |    189 |   2697 |   8 |  513.5 |
         Sewer |    777 |    777 |      0 |    633 |     72 |   1 |  777.0 |
               +--------+--------+--------+--------+--------+-----+--------+

Top non-repeatable levels by time:
     D:4: 1254 daAuts
   Sewer: 777 daAuts
     D:3: 759 daAuts
     D:2: 720 daAuts
     D:5: 591 daAuts
     D:1: 352 daAuts
     D:7: 233 daAuts
     D:6: 160 daAuts
     D:8: 37 daAuts
